 Dungeon Crawl Stone Soup version 0.30-a0-924-g0ad0bf95bc (webtiles) character file.

Game seed: 7537160280700408167

1827 cforsyth the Covered (level 9, -6/71 HPs)
             Began as a Human Fighter on Mar 23, 2023.
             Killed from afar by Maggie (16 damage)
             ... with a bolt of fire
             ... on level 7 of the Dungeon.
             The game lasted 00:09:42 (7145 turns).

cforsyth the Covered (Human Fighter)                Turns: 7145, Time: 00:09:42

Health: -6/71      AC: 11    Str: 20    XL:     9   Next: 32%
Magic:  9/9        EV:  9    Int:  9    God:
Gold:   365        SH:  5    Dex: 13    Spells: 8/8 levels left

rFire   . . .      SeeInvis .    a - +1 flail
rCold   . . .      Faith    .    c - +0 buckler
rNeg    . . .      Spirit   .    b - +0 scale mail
rPois   .          Reflect  .    (no helmet)
rElec   .          Rampage  .    o - +1 cloak
rCorr   .                        (no gloves)
Will    .....                    u - +0 pair of boots Stlth
                                 (no amulet)
HPRegen 0.31/turn                (no ring)
MPRegen 0.11/turn                (no ring)

@: no status effects
A: no striking features
a: no special abilities


You were on level 7 of the Dungeon.
You visited 2 branches of the dungeon, and saw 8 of its levels.
You also visited: Ossuary.

You collected 365 gold pieces.

Inventory:

Hand Weapons
 a - a +1 flail (weapon)
Missiles
 D - 2 throwing nets (quivered)
Armour
 b - a +0 scale mail (worn)
 c - a +0 buckler (worn)
 o - a +1 cloak (worn)
 u - a +0 pair of boots (worn)
Jewellery
 n - the ring "Awkoxt" {Drain rC++ Int+6 Dex+7}
   (You found it on level 2 of the Dungeon)

   [ring of intelligence]

   Int:       It affects your intelligence (+6).
   Dex:       It affects your dexterity (+7).
   rC:        It greatly protects you from cold.
   Drain:     It drains your maximum health when unequipped.
Wands
 C - a wand of light (5)
Scrolls
 g - a scroll of identify
 j - a scroll of immolation {unknown}
 k - 4 scrolls of blinking
 p - a scroll of enchant weapon
 r - 2 scrolls of summoning {unknown}
 v - a scroll of vulnerability {unknown}
 x - 2 scrolls of enchant armour {unknown}
 y - a scroll of brand weapon {unknown}
 B - 3 scrolls of teleportation {unknown}
 E - a scroll of magic mapping
 F - 2 scrolls of fear {unknown}
Potions
 d - 2 potions of might
 e - 3 potions of mutation
 f - a potion of haste {unknown}
 h - 2 potions of lignification {unknown}
 i - 2 potions of attraction
 l - 5 potions of curing
 m - 2 potions of heal wounds
 q - 2 potions of ambrosia {unknown}
 s - 3 potions of invisibility
 t - 2 potions of berserk rage
 w - 3 potions of brilliance {unknown}
 A - a potion of magic {unknown}


   Skills:
 + Level 6.4 Fighting
 + Level 6.0 Maces & Flails
 + Level 6.5 Armour
 + Level 6.4 Shields


You had 8 spell levels left.
You didn't know any spells.
Your spell library contained the following spells:

 Spells                   Type           Power      Damage    Failure   Level
 Blink                    Tloc           0%         N/A       90%         2
 Dazzling Flash           Conj/Hex       0%         N/A       99%         3
 Iskenderun's Mystic Bla  Conj/Tloc      0%         2d3       100%        4
 Manifold Assault         Tloc           0%         N/A       100%        4
 Starburst                Conj/Fire      0%         6d3       100%        6
 Storm Form               Tmut/Air       0%         N/A       100%        7


Dungeon Overview and Level Annotations

Branches:
Dungeon (7/15)             Temple (1/1) D:4         Ossuary (visited)

Altars:
Ashenzari
Elyvilon
Gozag
Hepliaklqana
Kikubaaqudgha
Nemelex Xobeh
Ru
Sif Muna
Uskayaw
Wu Jian
Xom
Yredelemnul
Zin

Shops:
D:3 **   D:5 !

Annotations:
D:3 2 transporters
D:5 3 runed translucent doors, TheSexyCheese's ghost, novice DEFE
D:7 Maggie


Message History

Press: ? - help, Shift-Dir - straight line, f - bullfrog
Aim: a bullfrog (64% to hit)
The bolt of light hits Maggie!
Maggie is heavily wounded.
Maggie is blinded.
The bolt of light hits the bullfrog!!
The bullfrog is almost dead.
The bullfrog is blinded.
Maggie barely misses you.
You sock Maggie!
Maggie is heavily wounded.
Maggie barely misses you.
You hit Maggie.
Maggie is severely wounded.
You barely miss Maggie.
Maggie is severely wounded.
You break out of your daze.
Maggie hits you with a +1 heavy long sword.
You barely miss Maggie.
Maggie is severely wounded.
You block Maggie's attack.
You hit Maggie.
Maggie is severely wounded.
Maggie barely misses you.
You closely miss Maggie.
Maggie is severely wounded.
You closely miss Maggie.
Maggie is severely wounded.
Maggie hits you with a +1 heavy long sword!
You hit Maggie.
Maggie is severely wounded.
Maggie hits you with a +1 heavy long sword.
You hit Maggie.
Maggie is severely wounded.
Maggie gestures at you while chanting. The bolt of fire hits you!
* * * LOW HITPOINT WARNING * * *
You closely miss Maggie.
Maggie is severely wounded.
Maggie casts a spell at you. The bolt of fire hits you!
You die...

....# #.................# #......
....###..##.#.#####.....# #..#.#.
........###.#.# #.....# #..#.#.
..........#.#.########### #..#...
....#####........# #####..##..
....#***,.....##.# #......##..
.)....,*,...#.##.######.###......
....##,*,...#........##.####.##.#
###.#*,*,,....##@###............#
,,...,,,,,.##.*#@# ####.####.####
**,***,*,*,,,,,.F# #......#
,,,,,,,*,,,,,,#### ########
,,,>,,,******** ,,,,,,,,,*
,,,**,**,* ,,,,,,**,*
*,******,****


You could see Maggie (blind) and a bullfrog (blind).

Vanquished Creatures
  Grinder (D:5)
  Menkaure (D:6)
  A water moccasin (D:6)
  A black bear (D:6)
  2 ogres
  A centaur (D:5)
  A phantom (D:6)
  Blork the orc (D:6)
  An elf zombie (Ossuary)
  2 bullfrogs
  2 howler monkeys
  3 hounds
  A human zombie (Ossuary)
  2 jellies
  2 sleepcaps (D:5)
  3 iguanas
  An orc wizard (D:4)
  3 hound zombies (Ossuary)
  3 mummies (Ossuary)
  9 adders
  A shadow imp (D:6)
  An ufetubus (D:5)
  4 adder zombies (Ossuary)
  A worm (D:2)
  3 dart slugs
  17 orcs
  6 ball pythons
  10 endoplasms
  2 giant cockroaches
  7 goblins
  5 hobgoblins
  3 kobolds
  5 quokkas
  5 bats
  A frilled lizard (D:1)
  4 gnoll zombies (Ossuary)
  2 goblin zombies (Ossuary)
  2 hobgoblin zombies (Ossuary)
  7 jackal zombies (Ossuary)
  3 kobold zombies (Ossuary)
  2 orc zombies (Ossuary)
  6 quokka zombies (Ossuary)
  5 rats
  2 rat zombies (Ossuary)
145 creatures vanquished.

Vanquished Creatures (others)
  2 fungi (D:5)
  2 plants (D:5)
4 creatures vanquished.

Grand Total: 149 creatures vanquished

Notes
Turn   | Place    | Note
-------+----------+-------------------------------------------
     0 | D:1      | cforsyth the Human Fighter began the quest for the Orb.
     0 | D:1      | Reached XP level 1. HP: 18/18 MP: 1/1
   147 | D:1      | Reached XP level 2. HP: 24/24 MP: 2/2
   757 | D:1      | Reached XP level 3. HP: 29/29 MP: 3/3
  1230 | D:2      | Identified the ring "Awkoxt" {Drain rC++ Int+6 Dex+7}
  1736 | D:2      | Reached XP level 4. HP: 35/35 MP: 4/4
  1964 | D:3      | Found Maidaim's General Store.
  2094 | D:3      | Found a transporter.
  2103 | D:3      | Found a transporter.
  2196 | D:3      | Found Semnaez's General Store.
  2202 | D:3      | Reached XP level 5. HP: 38/42 MP: 5/5
  2899 | D:4      | Found a staircase to the Ecumenical Temple.
  2990 | Temple   | Entered the Ecumenical Temple
  3274 | D:4      | Reached XP level 6. HP: 29/48 MP: 6/6
  3599 | D:5      | Entered Level 5 of the Dungeon
  3599 | D:5      | Noticed a steam dragon
  3753 | D:5      | Found a runed translucent gate.
  3753 | D:5      | Noticed TheSexyCheese's ghost (novice DEFE)
  3754 | D:5      | Found a runed translucent gate.
  3755 | D:5      | Found a runed translucent gate.
  3772 | D:5      | Found an ornate altar of the Wu Jian Council.
  3879 | D:5      | Reached XP level 7. HP: 52/55 MP: 7/7
  4309 | D:5      | Found Aghecs's Distillery.
  4322 | D:5      | Noticed Grinder
  4346 | D:5      | Paralysed by Grinder for 2 turns
  4525 | D:5      | Paralysed by Grinder for 3 turns
  4552 | D:5      | Paralysed by Grinder for 4 turns
  4576 | D:5      | Killed Grinder
  4577 | D:5      | Reached skill level 5 in Fighting
  4577 | D:5      | Reached skill level 5 in Armour
  4577 | D:5      | Reached skill level 5 in Shields
  4735 | D:5      | Reached XP level 8. HP: 41/62 MP: 8/8
  4875 | D:5      | Found a sparkling altar of Nemelex Xobeh.
  5096 | D:6      | Identified the -2 cloak of the Nexus {rElec Stlth+}
  5192 | D:6      | Noticed Blork the orc
  5200 | D:6      | Killed Blork the orc
  5296 | D:6      | Identified the +6 dagger "Upsogoss" {flame, Int+2}
  5326 | D:6      | Reached skill level 5 in Maces & Flails
  5526 | D:6      | Noticed Menkaure
  5543 | D:6      | Killed Menkaure
  5916 | D:6      | Reached XP level 9. HP: 51/69 MP: 9/9
  6345 | D:7      | Found a sand-covered staircase.
  6354 | Ossuary  | Entered an ossuary
  7113 | D:7      | Noticed Maggie
  7145 | D:7      | Killed from afar by Maggie

Illustrated notes

Levels and vault maps discovered:
D:1:      psy_arrival_radial02, layout_basic
D:2:      layout_loops_corners
D:3:      gammafunk_wand_slinger, layout_rooms, serial_shops, shop_statue,
          nicolae_shop_hallway_plus
D:4:      layout_loops_ring, minmay_temple_entry_poolview,
          minmay_misc_feat_rows, corexii_leaking_fountain, roderic_filled_cross
D:5:      layout_cave_pods, slow_altar_2, nicolae_wu_jian_wuxing_cycle,
          nemelex_spade_bored_becter, serial_shops, shop,
          gammafunk_ghost_nasty_kobolds, uniq_grinder
D:6:      layout_basic, grunt_tough_drop, uniq_blork_the_orc, uniq_menkaure
D:7:      layout_loops_cross, nicolae_overflow_two_pavilions,
          lightli_ossuary_entry_decrepit_ruins, uniq_maggie
Temple:   nicolae_temple_bog_church

Skill      XL: |  1  2  3  4  5  6  7  8  9 |
---------------+----------------------------+-----
Maces & Flails | 3 4 5 6 |  6.0
Armour         | 4 5 6 |  6.5
Fighting       | 4 5 6 |  6.4
Shields        | 4 5 6 |  6.4

Action                     |  1- 3 |  4- 6 |  7- 9 || total
---------------------------+-------+-------+-------++-------
  Melee: Flail             |    91 |   137 |   342 ||   570
  Evoke: Wand              |       |       |     1 ||     1
    Use: Scroll            |       |       |    12 ||    12
         Potion            |       |       |     2 ||     2
 Armour: Scale mail        |    48 |    60 |   133 ||   241
  Dodge: Dodged            |    32 |    70 |   115 ||   217
  Block: Buckler           |    30 |    38 |    73 ||   141

Table legend: (Time is in decaauts)
 A = Elapsed time spent in this place.
 B = Non-inter-level travel time spent in this place.
 C = Inter-level travel time spent in this place.
 D = Time resting spent in this place.
 E = Time spent auto-exploring this place.
 F = Levels seen in this place.
 G = Mean time per level.
                   A        B        C        D        E       F      G
               +--------+--------+--------+--------+--------+-----+--------+
         Total |   7283 |   6854 |    429 |    396 |   5181 |   9 |  809.2 |
       Dungeon |   6624 |   6209 |    415 |    394 |   4783 |   7 |  946.3 |
        Temple |    194 |    181 |     13 |      0 |    170 |   1 |  194.0 |
       Ossuary |    463 |    463 |      0 |      2 |    228 |   1 |  463.0 |
               +--------+--------+--------+--------+--------+-----+--------+

Top non-repeatable levels by time:
     D:6: 1318 daAuts
     D:4: 1168 daAuts
     D:2: 1112 daAuts
     D:5: 1103 daAuts
     D:1: 915 daAuts
     D:3: 597 daAuts
 Ossuary: 463 daAuts
     D:7: 409 daAuts
  Temple: 194 daAuts
